 Dungeon Crawl Stone Soup version 0.29-a0-911-g88e6f02907 (webtiles) character file.

Game seed: 9855499457760693573

5 lesaewzxc the Cutter (level 1, -2/14 HPs)
             Began as a Kobold Berserker on July 25, 2022.
             Was a Follower of Trog.
             Frozen to death by an endoplasm (5 damage)
             ... on level 1 of the Dungeon.
             The game lasted 00:00:31 (151 turns).

lesaewzxc the Cutter (Kobold Berserker)              Turns: 151, Time: 00:00:32

Health: -2/14      AC:  2    Str: 14    XL:     1   Next: 88%
Magic:  1/1        EV: 15    Int:  8    God:    Trog [*.....]
Gold:   7          SH:  0    Dex: 14    Spells: 0/0 levels left

rFire   . . .      SeeInvis .   a - +0 short sword
rCold   . . .      Faith    .   (no shield)
rNeg    . . .      Spirit   .   b - +0 animal skin
rPois   .          Reflect  .   (no helmet)
rElec   .          Harm     .   (no cloak)
rCorr   .          Rampage  .   (no gloves)
Will    .....                   (no boots)
Stlth   ++........              (no amulet)
HPRegen 0.04/turn               (no ring)
MPRegen 0.07/turn               (no ring)

@: no status effects
A: small, no large weapons, nightstalker 3
a: Renounce Religion, Berserk


You were on level 1 of the Dungeon.
You worshipped Trog.
Trog was aware of your devotion.
You visited 1 branch of the dungeon, and saw 1 of its levels.

You collected 7 gold pieces.

Inventory:

Hand Weapons
 a - a +0 short sword (weapon)
Armour
 b - a +0 animal skin (worn)
Potions
 c - a potion of attraction {unknown}


   Skills:
 + Level 3.4 Fighting
 + Level 4.1 Short Blades
 + Level 1.7 Armour
 + Level 2.6 Dodging


You couldn't memorise any spells.
You didn't know any spells.
Your spell library was empty.

Dungeon Overview and Level Annotations

Branches:
Dungeon (1/15)

Altars:


Innate Abilities, Weirdness & Mutations

You are small and have problems with some larger weapons.
You are completely attuned to the shadows.


Message History

You kill the giant cockroach!
Trog accepts your kill.
You see here a giant cockroach corpse.
Found 5 stones.
c - a sedimented cyan potion
d - a scroll labelled HUXYOL ECUWIUK
As you read the scroll labelled HUXYOL ECUWIUK, it crumbles to dust.
Magic quickly surges around you.
It was a scroll of vulnerability.
Found a scroll labelled DOOVOL BEKUCH.
d - a scroll labelled DOOVOL BEKUCH
As you read the scroll labelled DOOVOL BEKUCH, it crumbles to dust.
You feel strangely unstable.
It was a scroll of teleportation.
Unknown command.
An endoplasm comes into view.
The endoplasm quivers.
You barely miss the endoplasm. The endoplasm misses you.
You hit the endoplasm.
The endoplasm is lightly wounded.
Your surroundings suddenly seem different.
A hobgoblin comes into view.
The hobgoblin hits you.
You hit the hobgoblin.
The hobgoblin is severely wounded.
The hobgoblin hits you.
You hit the hobgoblin.
You kill the hobgoblin!
Trog accepts your kill.
You feel your willpower return.
The endoplasm quivers.
The endoplasm hits you. The endoplasm hits you.
* * * LOW HITPOINT WARNING * * *
The endoplasm misses you. The endoplasm hits you.
* * * LOW HITPOINT WARNING * * *
The endoplasm barely misses you. The endoplasm barely misses you.
The endoplasm freezes you.
You are frozen.
You die...

#### #.#.## ..###### ....#
#.#..(...# #..##..
##.#####.#.####.####..J...
............##......###..
#.##..#.#....#.##...# #
#.##..#.#.........#.#
##.#.......#......##...#
......####..@......##.##
....#.# #..J......# .#
#.##..#.####.......... ..
#.....#.#.....#....
#.#..#..#.#.....#....
#.#..#..#.#.........
#........†#.....#..
#......####.....#..
####.### #######


You could see an endoplasm.

Vanquished Creatures
  A ball python (D:1)
  2 giant cockroaches (D:1)
  A hobgoblin (D:1)
4 creatures vanquished.

Notes
Turn   | Place    | Note
-------+----------+-------------------------------------------
     0 | D:1      | lesaewzxc the Kobold Berserker began the quest for the Orb.
     0 | D:1      | Reached XP level 1. HP: 14/14 MP: 1/1
   151 | D:1      | Frozen to death by an endoplasm

Illustrated notes

Levels and vault maps discovered:
D:1:      amcnicky_arrival_flooded_fountain, layout_loops_cross,
          minmay_hexomino_p4

Action                   || total
-------------------------++-------
Melee: Short sword       ||    11
  Use: Scroll            ||     2
 Stab: Sleeping          ||     2
Dodge: Dodged            ||     8

Table legend: (Time is in decaauts)
 A = Elapsed time spent in this place.
 B = Non-inter-level travel time spent in this place.
 C = Inter-level travel time spent in this place.
 D = Time resting spent in this place.
 E = Time spent auto-exploring this place.
 F = Levels seen in this place.
 G = Mean time per level.
                   A        B        C        D        E       F      G
               +--------+--------+--------+--------+--------+-----+--------+
         Total |    149 |    149 |      0 |      0 |     33 |   1 |  149.0 |
       Dungeon |    149 |    149 |      0 |      0 |     33 |   1 |  149.0 |
               +--------+--------+--------+--------+--------+-----+--------+

Top non-repeatable levels by time:
     D:1: 149 daAuts
